 Dungeon Crawl Stone Soup version 0.29-a0-40-g8eb35efe60 (webtiles) character file.

Game seed: 5702471742960472918

98 b960 the Covered (level 4, -5/40 HPs)
             Began as a Minotaur Fighter on Feb 1, 2022.
             Slain by a gnoll (7 damage)
             ... on level 3 of the Dungeon.
             The game lasted 00:05:38 (1515 turns).

b960 the Covered (Minotaur Fighter)                 Turns: 1515, Time: 00:05:39

Health: -5/40      AC:  7    Str: 23    XL:     4   Next: 43%
Magic:  3/3        EV:  9    Int:  5    God:
Gold:   70         SH:  4    Dex:  9    Spells: 3/3 levels left

rFire   . . .      SeeInvis .   a - +0 long sword
rCold   . . .      Faith    .   c - +0 buckler
rNeg    . . .      Spirit   .   b - +0 scale mail
rPois   .          Reflect  .   (helmet restricted)
rElec   .          Harm     .   (no cloak)
rCorr   .          Rampage  .   (no gloves)
Will    .....                   (no boots)
Stlth   ..........              (no amulet)
HPRegen 0.13/turn               (no ring)
MPRegen 0.08/turn               (no ring)

@: mighty
A: horns 2, retaliatory headbutt
a: no special abilities


You were on level 3 of the Dungeon.
You visited 1 branch of the dungeon, and saw 3 of its levels.

You collected 70 gold pieces.

Inventory:

Hand Weapons
 a - a +0 long sword (weapon)
Missiles
 f - 25 bolts
 g - 5 boomerangs (quivered)
Armour
 b - a +0 scale mail (worn)
 c - a +0 buckler (worn)
Jewellery
 h - a ring of protection from cold
Scrolls
 e - a scroll of noise {unknown}
 j - a scroll of amnesia {unknown}
 l - a scroll of fear {unknown}
Potions
 d - 2 potions of might
 i - 3 potions of heal wounds {unknown}
 k - a potion of mutation {unknown}


   Skills:
 + Level 4.1 Fighting
 + Level 3.2 Long Blades
 + Level 4.5 Armour
 + Level 1.2 Dodging
 + Level 0.2 Stealth
 + Level 4.4 Shields


You had 3 spell levels left.
You didn't know any spells.
Your spell library was empty.

Dungeon Overview and Level Annotations

Branches:
Dungeon (3/15)

Altars:


Innate Abilities, Weirdness & Mutations

You have a pair of horns on your head.
You reflexively headbutt those who attack you in melee.


Message History

The adder moves out of view.
Found a stone staircase leading up.
You miss the adder. The adder barely misses you. You furiously retaliate!
You headbutt the adder. The adder bites you but does no damage.
You barely miss the adder. Your headbutt misses the adder.
The adder is heavily wounded.
You block the adder's attack. The adder completely misses you.
You slash the adder!
You kill the adder!
You see here an adder corpse. 2 gnolls come into view.
The gnoll shouts!
You hear a shout!
A gnoll comes into view. It is wielding a +0 flail.
You block the gnoll's attack.
The gnoll hits you from afar with a +0 spear.
A gnoll comes into view. It is wielding a +0 halberd.
The gnoll shouts!
The gnoll barely misses you.
The gnoll hits you from afar with a +0 halberd!
The gnoll hits you from afar with a +0 spear.
The gnoll closely misses you.
The gnoll hits you from afar with a +0 halberd.
The gnoll barely misses you. You furiously retaliate!
You headbutt the gnoll! You barely miss the gnoll.
The gnoll is heavily wounded.
The gnoll completely misses you. You furiously retaliate!
You headbutt the gnoll. The gnoll hits you with a +0 flail!
You hit the gnoll.
You kill the gnoll!
The gnoll barely misses you.
The gnoll hits you from afar with a +0 halberd!
* * * LOW HITPOINT WARNING * * *
The gnoll hits you from afar with a +0 spear.
* * * LOW HITPOINT WARNING * * *
You see here a +0 flail.
The gnoll hits you with a +0 halberd.
* * * LOW HITPOINT WARNING * * *
You feel very mighty all of a sudden.
The gnoll hits you from afar with a +0 halberd!
You die...

###.#
.######@#.#
......g)#.# .#
..#####g#.###.#
.......g.......
...###.........
#.........
#.........
#.........
#.........


You could see 3 gnolls.

Vanquished Creatures
  2 gnolls
  3 adders
  2 dart slugs (D:2)
  3 endoplasms
  3 giant cockroaches
  4 goblins (D:1)
  4 hobgoblins
  3 kobolds
  2 quokkas
  8 ball pythons
  2 bats
  2 frilled lizards
  6 rats
44 creatures vanquished.

Notes
Turn   | Place    | Note
-------+----------+-------------------------------------------
     0 | D:1      | b960 the Minotaur Fighter began the quest for the Orb.
     0 | D:1      | Reached XP level 1. HP: 19/19 MP: 0/0
   249 | D:1      | Reached XP level 2. HP: 25/27 MP: 1/1
   306 | D:1      | Found a faded altar of an unknown god.
   518 | D:1      | Reached XP level 3. HP: 30/33 MP: 2/2
  1014 | D:2      | Reached skill level 1 in Dodging
  1186 | D:2      | Reached XP level 4. HP: 38/40 MP: 3/3
  1514 | D:3      | HP: 2/40 [gnoll (3)]
  1515 | D:3      | Slain by a gnoll

Illustrated notes

Levels and vault maps discovered:
D:1:      psy_arrival_fountain, layout_loops_ring,
          hellmonk_ecumenical_altar_zigzags, chequers_jeans
D:2:      layout_rooms, minmay_tromino_i2
D:3:      layout_basic, mainiacjoe_overflow_alcove_2, serial_glass,
          glass_columns_a, glass_columns_c, feat_on_display, uniq_terence

Skill      XL: |  1  2  3 |
---------------+----------+-----
Shields        | 4 |  4.4
Armour         | 4 |  4.5
Long Blades    | 3 |  3.2
Dodging        | 1 |  1.2
Fighting       | 4 |  4.1
Stealth        | |  0.2

Action                   |  1- 3 |  4- 6 || total
-------------------------+-------+-------++-------
Melee: Long sword        |    69 |    10 ||    79
       Headbutt          |     8 |     1 ||     9
  Use: Potion            |       |     1 ||     1
Armor: Scale mail        |    28 |     3 ||    31
Dodge: Dodged            |    31 |     8 ||    39
Block: Buckler           |    18 |     4 ||    22

Table legend: (Time is in decaauts)
 A = Elapsed time spent in this place.
 B = Non-inter-level travel time spent in this place.
 C = Inter-level travel time spent in this place.
 D = Time resting spent in this place.
 E = Time spent auto-exploring this place.
 F = Levels seen in this place.
 G = Mean time per level.
                   A        B        C        D        E       F      G
               +--------+--------+--------+--------+--------+-----+--------+
         Total |   1538 |   1538 |      0 |      0 |    903 |   3 |  512.7 |
       Dungeon |   1538 |   1538 |      0 |      0 |    903 |   3 |  512.7 |
               +--------+--------+--------+--------+--------+-----+--------+

Top non-repeatable levels by time:
     D:1: 952 daAuts
     D:2: 508 daAuts
     D:3: 77 daAuts
